 Dungeon Crawl Stone Soup version 0.17-a0-1778-gd369669 (webtiles) character file.

52287 abixa the Brawler (level 14, -5/124 HPs)
             Began as a Ghoul Monk on Sept 8, 2015.
             Was the Champion of Makhleb.
             Slain by a spiny frog (13 damage)
             ... on level 8 of the Lair of Beasts.
             The game lasted 01:26:27 (19674 turns).

abixa the Brawler (Ghoul Monk)                     Turns: 19674, Time: 01:26:28

Health: -5/124     AC: 23    Str: 16    XL:     14   Next: 63%
Magic:  24/24      EV:  7    Int:  5    God:    Makhleb [******]
Gold:   1157       SH: 11    Dex: 15    Spells: 0 memorised, 13 levels left

rFire  + + .     SeeInvis .       - Unarmed
rCold  + . .     Clarity  .     V - +3 chain mail
rNeg   + + +     SustAt   +     g - +0 shield
rPois  ∞         Gourm    .     O - +0 helmet
rElec  +         Spirit   .     p - +2 cloak
rCorr  .         Warding  .     y - +2 pair of gloves
rMut   .         Stasis   .     d - +0 pair of boots {rF+}
MR     +....                    H - amulet of regeneration
Stlth  ..........               c - ring of protection from fire
                                e - ring "Qokerin" {SustAt rElec rN+}

@: rotting, somewhat resistant to hostile enchantments, extremely unstealthy
A: rotting body, claws 1, carnivore 3, cold resistance 1, negative energy
resistance 3, slow healing 1, torment resistance, unbreathing
a: Minor Destruction, Lesser Servant of Makhleb, Major Destruction, Greater
Servant of Makhleb, Renounce Religion


You were on level 8 of the Lair of Beasts.
You worshipped Makhleb.
Makhleb was exalted by your worship.
You were not hungry.

You visited 3 branches of the dungeon, and saw 21 of its levels.
You also visited: Sewer, Ossuary and Volcano.

You collected 1157 gold pieces.

Inventory:

Hand weapons
 I - a +0 blowgun
Missiles
 G - 48 poisoned needles
Armour
 d - a +0 pair of boots of fire resistance (worn)
 g - a +0 shield (worn)
 p - a +2 cloak (worn)
 y - a +2 pair of gloves (worn)
 O - a +0 helmet (worn)
 V - a +3 chain mail (worn)
Jewellery
 c - a ring of protection from fire (right hand)
 e - the ring "Qokerin" (left hand) {SustAt rElec rN+}
   (You found it on level 7 of the Dungeon)

   [ring of sustain attributes]

   It sustains your strength, intelligence and dexterity.
   It insulates you from electricity.
   It protects you from negative energy.
 m - an uncursed amulet of stasis
 t - an uncursed ring of protection from magic
 C - an uncursed amulet of clarity
 H - an amulet of regeneration (around neck)
 L - an uncursed ring of ice
 Q - a +2 ring of protection
 T - an uncursed ring of see invisible
Magical devices
 a - a wand of cold (5)
 u - a wand of paralysis (17)
 M - a wand of paralysis (16)
 P - a wand of draining (8)
 X - a wand of polymorph (13)
Scrolls
 k - 4 scrolls of teleportation
 l - a scroll of summoning
 n - 3 scrolls of magic mapping
 s - 2 scrolls of vulnerability
 v - 13 scrolls of remove curse
 A - 6 scrolls of fog
 D - a scroll of brand weapon
 E - a scroll of recharging
 F - a scroll of enchant armour
 K - 3 scrolls of enchant weapon
 W - 3 scrolls of immolation
 Z - a scroll of blinking {unknown}
Potions
 b - a potion of experience {unknown}
 i - a potion of haste {unknown}
 j - 2 potions of cancellation
 o - 6 potions of heal wounds
 q - a potion of resistance {unknown}
 r - a potion of magic
 w - 3 potions of agility
 x - a potion of ambrosia {unknown}
 z - 6 potions of flight
 N - a potion of brilliance {unknown}
 S - a potion of curing
 Y - a potion of degeneration {unknown}
Miscellaneous
 B - a lamp of fire
 U - a sack of spiders {used: 1}
Comestibles
 h - 12 beef jerkies


   Skills:
 - Level 11.0 Fighting
 + Level 7.5 Armour
 - Level 4.0 Dodging
 - Level 2.1 Stealth
 + Level 7.6 Shields
 + Level 15.3 Unarmed Combat
 - Level 15.0 Invocations


You had 13 spell levels left.
You didn't know any spells.

Dungeon Overview and Level Annotations

Branches:
Dungeon (12/15)            Temple (1/1) D:5            Lair (8/8) D:10
 Shoals (0/4) Lair:3        Snake (0/4) Lair:3        Slime (0/6) Lair:6
    Orc: D:9-12

Altars:
Ashenzari
Cheibriados
Dithmenos
Elyvilon
Fedhas
Gozag
Kikubaaqudgha
Makhleb
Nemelex Xobeh
Okawaru
Qazlal
Ru
Sif Muna
Trog
Vehumet
Xom
Yredelemnul
Zin
The Shining One

Shops:
D:4 =

Annotations:
D:12 Azrael


Innate Abilities, Weirdness & Mutations

Your body is rotting away.
You thrive on raw meat.
You are immune to poison.
You have sharp fingernails.
You are carnivorous and can eat meat at any time.
Your flesh is cold resistant.
You are immune to negative energy.
You heal slowly when monsters are visible.
You are immune to unholy pain and torment.
You can survive without breathing.


Message History

* * * LOW HITPOINT WARNING * * *
The elephant tramples you but does no damage.
You block the elephant's attack.
You punch the elephant!
The elephant is moderately wounded.
The spiny frog stings you.
* * * LOW HITPOINT WARNING * * *
The elephant tramples you!
* * * LOW HITPOINT WARNING * * *
You hold your ground!
The elephant trunk-slaps you but does no damage.
You hit the elephant but do no damage.
The elephant is moderately wounded.
The spiny frog closely misses you.
The elephant tramples you but does no damage.
The elephant trunk-slaps you but does no damage.
You hit the elephant but do no damage.
The elephant is moderately wounded.
The spiny frog stings you!
You die...

≈≈. #.. .P......P ≈Y.
................. ...
#................ F.≈
#..#........P....
#..............≈
#..........P.P.
##F............
#@Y†...........
########.......P...P
##.##..##.......#..≈.
#......##†.....## P
#..............#
##......÷†........
##.................
#.........(.......≈
###................≈.


You could see an elephant and a spiny frog.

Vanquished Creatures
  The ghost of Nico3ck the Destroyer, a powerful HEWz of Vehumet (Volcano)
  A hydra (Lair:4)
  Erolcha (D:9)
  A catoblepas (Lair:6)
  4 death yaks
  Nergalle (Lair:3)
  An unseen horror (D:11)
  2 hill giants
  An ugly thing (D:11)
  17 elephants
  Joseph (D:8)
  11 black mambas
  19 spiny frogs
  5 fire drakes
  8 komodo dragons
  A giant leech (Lair:8)
  A polar bear (Lair:8)
  A two-headed ogre (D:10)
  The ghost of emiel the Ruffian, an average MiTm of Cheibriados (D:5)
  2 boulder beetles (Lair:8)
  A slime creature (Lair:6)
  14 blink frogs
  A trapdoor spider (D:11)
  50 yaks
  A wyvern (Lair:7)
  A wraith (D:10)
  2 fire elementals (D:12)
  5 nagas (Lair:3)
  2 mottled dragons
  9 hippogriffs
  5 vampire mosquitoes
  2 basilisks
  Menkaure (D:7)
  9 water moccasins
  2 wargs (D:10)
  A hungry ghost (D:7)
  A sky beast (D:8)
  6 wolves (Lair:1)
  An eye of draining (D:11)
  2 orc warriors
  2 phantoms
  9 porcupines
  3 centaurs
  12 crocodiles
  7 ogres
  The ghost of Cenon the Ruffian, an average VSTm (D:3)
  A big kobold (D:7)
  2 water moccasin zombies (Ossuary)
  A wyvern zombie (D:9)
  29 giant frogs
  6 killer bees (D:9)
  15 wights
  A wyvern skeleton (D:8)
  3 scorpions
  2 electric eels
  5 crimson imps
  3 giant frog skeletons
  A centaur zombie (D:9)
  4 jellies
  2 giant frog zombies
  5 hounds
  9 iguanas
  2 centaur skeletons
  4 orc priests
  10 orc wizards
  4 worker ants
  A merfolk avatar (Sewer)
  A siren (Sewer)
  A sheep (Lair:4)
  2 big kobold zombies (Ossuary)
  A hound zombie (D:5)
  A hound skeleton (D:4)
  A worker ant zombie (D:7)
  2 mummies (Ossuary)
  Robin (D:4)
  14 adders
  82 river rats
  5 shadow imps
  5 oozes
  5 adder zombies (Ossuary)
  A worm (D:2)
  6 giant geckos
  40 orcs
  6 bats
  5 giant cockroaches
  6 goblins
  10 hobgoblins
  12 jackals
  10 kobolds
  A quokka (D:9)
  9 ball pythons
  A giant gecko skeleton (D:4)
  7 giant newts
  3 gnoll zombies (Ossuary)
  3 hobgoblin zombies (Ossuary)
  3 kobold zombies (Ossuary)
  8 orc zombies (Ossuary)
  A quokka skeleton (D:7)
  28 rats
621 creatures vanquished.

Vanquished Creatures (collateral kills)
  A porcupine (Lair:3)
1 creature vanquished.

Vanquished Creatures (others)
  3 two-headed ogres (Volcano)
  A centaur (Volcano)
  28 fungi
  15 plants
47 creatures vanquished.

Grand Total: 669 creatures vanquished

Notes
Turn   | Place    | Note
--------------------------------------------------------------
     0 | D:1      | abixa the Ghoul Monk began the quest for the Orb.
     0 | D:1      | Reached XP level 1. HP: 19/19 MP: 0/0
   224 | D:1      | Reached XP level 2. HP: 12/24 MP: 1/1
   366 | D:1      | Reached skill level 5 in Unarmed Combat
   635 | D:2      | Reached XP level 3. HP: 8/31 MP: 2/2
  1508 | D:3      | Reached skill level 6 in Unarmed Combat
  1508 | D:3      | Reached XP level 4. HP: 28/38 MP: 3/3
  1641 | D:3      | Found a glowing drain.
  1645 | Sewer    | Entered a sewer
  1777 | Sewer    | Reached XP level 5. HP: 25/46 MP: 4/4
  1825 | Sewer    | Noticed ololoev's ghost (experienced DrSk)
  2176 | Sewer    | Noticed a drowned soul
  2177 | Sewer    | Noticed a drowned soul
  2179 | Sewer    | Noticed a drowned soul
  2180 | Sewer    | Noticed a drowned soul
  2407 | D:3      | Noticed Cenon's ghost (average VSTm)
  2486 | D:3      | Killed Cenon's ghost
  2486 | D:3      | Reached XP level 6. HP: 40/55 MP: 5/5
  2603 | D:3      | Reached skill level 7 in Unarmed Combat
  2867 | D:3      | Reached skill level 5 in Fighting
  3224 | D:4      | Found Mimy's Jewellery Boutique.
  3237 | D:4      | Got a crude wooden ring
  3339 | D:4      | Found a sand-covered staircase.
  3364 | Ossuary  | Entered an ossuary
  3380 | Ossuary  | Identified the ring "Yffaotz" {Ice Str+9 Slay-2} (You found it on level 4 of the Dungeon)
  3423 | Ossuary  | Reached skill level 1 in Armour
  3423 | Ossuary  | Reached XP level 7. HP: 55/60 MP: 6/6
  3872 | D:4      | Noticed Robin
  3891 | D:4      | Killed Robin
  4095 | D:5      | Entered Level 5 of the Dungeon
  4318 | D:5      | Reached skill level 1 in Shields
  4333 | D:5      | Reached XP level 8. HP: 64/71 MP: 7/7
  4363 | D:5      | Noticed emiel's ghost (average MiTm)
  4409 | D:5      | Killed emiel's ghost
  4409 | D:5      | Reached skill level 8 in Unarmed Combat
  4484 | D:5      | Found a staircase to the Ecumenical Temple.
  4493 | Temple   | Entered the Ecumenical Temple
  4581 | Temple   | Became a worshipper of Makhleb the Destroyer
  4581 | Temple   | Acquired Makhleb's first power
  4581 | Temple   | Acquired Makhleb's second power
  5884 | D:7      | Noticed Menkaure
  5890 | D:7      | Killed Menkaure
  5890 | D:7      | Reached XP level 9. HP: 68/75 MP: 8/8
  6370 | D:7      | Reached skill level 9 in Unarmed Combat
  6478 | D:7      | Got a clouded lead ring
  6480 | D:7      | Identified the ring "Qokerin" {SustAt rElec rN+} (You found it on level 7 of the Dungeon)
  6679 | D:7      | Acquired Makhleb's third power
  6956 | D:8      | Found a shattered altar of Ashenzari.
  6991 | D:8      | Noticed Joseph
  7245 | D:8      | Killed Joseph
  7245 | D:8      | Reached skill level 5 in Armour
  7245 | D:8      | Reached skill level 5 in Shields
  7852 | D:8      | Got a warped ring mail
  7889 | D:8      | Reached skill level 10 in Unarmed Combat
  7911 | D:8      | Found an opulent altar of Gozag.
  7990 | D:8      | Reached XP level 10. HP: 73/89 MP: 9/9
  8043 | D:8      | You fall through a shaft for 3 floors!
  8161 | D:11     | Noticed a hill giant
  8197 | D:11     | Killed a hill giant
  8197 | D:11     | Reached skill level 11 in Unarmed Combat
  8370 | D:11     | Noticed a cyan ugly thing
  8372 | D:10     | Entered Level 10 of the Dungeon
  8462 | D:9      | Found a stormy altar of Qazlal.
  8468 | D:9      | Noticed Erolcha
  8487 | D:8      | Identified the +0 ring mail of the Gate {Dex+3 SInv} (You found it on level 8 of the Dungeon)
  8507 | D:9      | Killed Erolcha
  8917 | D:9      | Acquired Makhleb's fourth power
  9309 | D:9      | Reached skill level 12 in Unarmed Combat
  9309 | D:9      | Reached skill level 1 in Invocations
  9309 | D:9      | Reached XP level 11. HP: 69/97 MP: 10/10
  9499 | D:10     | Found a basalt altar of Yredelemnul.
  9722 | D:10     | Found a staircase to the Lair.
  9809 | Lair:1   | Entered Level 1 of the Lair of Beasts
  9905 | D:10     | Noticed a hill giant
  9916 | D:10     | Killed a hill giant
  9916 | D:10     | Reached skill level 5 in Invocations
 10520 | D:11     | Killed a cyan ugly thing
 10603 | D:11     | Noticed an unseen horror
 10611 | D:11     | Killed an unseen horror
 11002 | D:12     | Acquired Makhleb's fifth power
 11035 | D:12     | Noticed Azrael
 11055 | D:12     | Noticed an ettin
 11055 | D:12     | Noticed a hill giant
 11057 | D:12     | Noticed a flayed ghost
 11057 | D:12     | Noticed an ettin
 11057 | D:12     | Noticed a hill giant
 11057 | D:12     | Noticed a rakshasa
 11908 | Lair:1   | Reached XP level 12. HP: 103/103 MP: 18/18
 12040 | Lair:1   | Reached skill level 10 in Invocations
 12625 | Lair:3   | Found a staircase to the Shoals.
 12833 | Lair:3   | Found a staircase to the Snake Pit.
 13093 | Lair:3   | Noticed Nergalle
 13155 | Lair:3   | Killed Nergalle
 13320 | Lair:3   | Got a faintly glowing mace
 13848 | Lair:1   | Identified the cursed +1 mace of Fedhas's Displeasure {crush, Str+6} (You found it on level 3 of the Lair of Beasts)
 13957 | Lair:4   | Noticed a five-headed hydra
 13961 | Lair:4   | Killed a five-headed hydra
 14207 | Lair:4   | Noticed a death yak
 14208 | Lair:4   | Noticed a death yak
 14209 | Lair:4   | Noticed a death yak
 14211 | Lair:4   | Noticed a death yak
 14240 | Lair:3   | Killed a death yak
 14311 | Lair:4   | Identified Sif Muna's Guide on Beguiling
 14648 | Lair:4   | Killed a death yak
 14648 | Lair:4   | Reached skill level 13 in Invocations
 14658 | Lair:4   | Killed a death yak
 15049 | Lair:5   | Got a transparent trident
 15162 | Lair:5   | Killed a death yak
 15162 | Lair:5   | Reached skill level 14 in Invocations
 15162 | Lair:5   | Reached XP level 13. HP: 110/110 MP: 22/22
 16046 | Lair:6   | Reached skill level 15 in Invocations
 16087 | Lair:6   | Found a dark tunnel.
 16182 | Volcano  | Entered a volcano
 16229 | Volcano  | Noticed Nico3ck's ghost (powerful HEWz)
 16281 | Volcano  | Killed Nico3ck's ghost
 16418 | Lair:6   | Identified the +8 trident of the Ghost {antimagic, rElec Int+4} (You found it on level 5 of the Lair of Beasts)
 16440 | Lair:6   | Got a blackened falchion
 16441 | Lair:6   | Identified the +2 falchion of Ointment {flame, Str+3 Dex+3} (You found it on level 6 of the Lair of Beasts)
 16670 | Lair:6   | Found a staircase to the Slime Pits.
 16965 | Lair:6   | Reached skill level 10 in Fighting
 18478 | Lair:8   | Entered Level 8 of the Lair of Beasts
 18548 | Lair:7   | Reached XP level 14. HP: 99/122 MP: 24/24
 19075 | Lair:8   | Reached skill level 15 in Unarmed Combat
 19301 | Lair:8   | HP: 2/123 [elephant (8)]
 19674 | Lair:8   | Slain by a spiny frog

Vault maps used:
D:1:      lemuel_arrival_hallway
D:3:      gup_sewer_entry_bowl, st_stairs_3, minmay_misc_feat_encased
D:4:      serial_shops, nicolae_shop_behind_doors, nicolae_ossuary_entry_plus,
          uniq_robin
D:5:      temple_statues, first_bread
D:7:      uniq_menkaure
D:8:      nicolae_gozag_cash_rules_everything_around_me,
          evilmike_ruin_ashenzari, uniq_joseph
D:9:      minivault_11, nicolae_qazlal_general_emergency, uniq_erolcha
D:10:     erik_lair_orcish_takeover, grunt_ogre_cave, minmay_misc_feat_rows,
          yredelemnul_altar_generic
D:12:     minmay_strange_plus, erik_orc_3, uniq_azrael
Temple:   kilobyte_greek_temple_18
Lair:2:   infiniplex_staircase_pool
Lair:3:   elwin_shoals_entry_rocks, minmay_snake_entry_guardpost_medium,
          uniq_nergalle
Lair:4:   grunt_forest_large_clearings, serial_bayou_shore_a
Lair:5:   st_stairs_6, nicolae_quartered_pool_super, guppyfry_lair_drakes
Lair:6:   nicolae_slime_entry_slimehenge, nicolae_volcano_entry_lava_flow
Lair:8:   minmay_lair_end_frog_pond
Sewer:    sewer_sea
Ossuary:  ossuary_tomb_2
Volcano:  volcano_village

Action                   |  1- 3 |  4- 6 |  7- 9 | 10-12 | 13-15 || total
-------------------------+-------+-------+-------+-------+-------++-------
Melee: Unarmed           |    90 |   302 |   625 |  1122 |  1330 ||  3469
 Fire: Hunting sling     |       |       |       |     4 |       ||     4
Throw: Stone             |       |     3 |       |       |       ||     3
Invok: Major Destruction |       |       |       |    10 |     3 ||    13
       Minor Destruction |       |       |       |     1 |       ||     1
       Greater Servant o |       |       |       |     1 |       ||     1
Evoke: Wand              |       |       |       |     4 |     2 ||     6
       Lamp of fire      |       |       |       |     1 |       ||     1
       Sack of spiders   |       |       |       |       |     1 ||     1
  Use: Scroll            |       |     1 |     9 |     8 |     9 ||    27
       Potion            |       |       |       |       |     1 ||     1
 Stab: Sleeping          |     7 |     1 |       |       |       ||     8
       Confused          |       |       |       |     3 |       ||     3
  Eat: Chunk             |    10 |    15 |    26 |    48 |    61 ||   160
